 Dungeon Sprint DCSS version 0.19.0-24-gb05acd6 (webtiles) character file.

345 equalderp2856 the Gouger (level 6, 0/31 HPs)
             Began as a Felid Fighter on Nov 21, 2016.
             Slain by a soul eater (14 damage)
             ... summoned by a kobold demonologist
             ... in the Dungeon (Sprint I: "Red Sonja").
             The game lasted 00:01:38 (224 turns).

equalderp2856 the Gouger (Felid Fighter)             Turns: 224, Time: 00:01:39

Health: 0/31       AC: -2    Str: 13    XL:     6   Next: 32%
Magic:  7/7        EV: 24    Int: 10    God:
Gold:   405        SH:  0    Dex: 16    Spells: 0 memorised, 5 levels left
                                        Lives:  0   Deaths: 1

rFire  . . .     SeeInvis +       - Unarmed
rCold  . . .     Gourm    .     (armour unavailable)
rNeg   . . .     Faith    .     (shield unavailable)
rPois  .         Spirit   .     (helmet unavailable)
rElec  .         Reflect  .     (cloak unavailable)
rCorr  .         Harm     .     (gloves unavailable)
MR     .....     NoTele   +     (boots unavailable)
Stlth  +++++.....               (no amulet)
                                (no ring)
                                (no ring)

@: corroded, drained, quick
A: no armour, no weapons or thrown items, stealth, claws 1, fangs 3, see
invisible, carnivore 3, speed 1, shaggy fur 2, slow metabolism 1, sharp paws
a: no special abilities


You were in the Dungeon.
You were not hungry.

You visited 1 branch You collected 405 gold pieces.

Inventory:

Scrolls
 h - a scroll of blinking
 i - a scroll of identify {unknown}
 j - a scroll of fog {unknown}
Potions
 a - a potion of might
 c - a potion of curing
 d - a potion of heal wounds
 e - a potion of haste
 f - 2 potions of magic
 g - a potion of berserk rage
Comestibles
 b - a meat ration


   Skills:
 + Level 6.6(6.3) Fighting
 + Level 9.0(8.7) Dodging
 * Level 9.6(9.3) Stealth
 + Level 11.4(11.1) Unarmed Combat


You had 5 spell levels left.
You didn't know any spells.

Dungeon Overview and Level Annotations

Branches:
Dungeon (1/1)

Altars:
Makhleb
Sif Muna
Vehumet
Xom
Jiyva
Lugonu

Annotations:
D Sonja


Innate Abilities, Weirdness & Mutations

You cannot wear armour.
You are incapable of wielding weapons or throwing items.
Your paws allow you to move quietly. (Stealth)
You have sharp claws.
You have razor-sharp teeth.
You have supernaturally acute eyesight. (SInv)
You are carnivorous and can eat meat at any time.
You cover ground quickly.
You are covered in thick fur. (AC +2)
You have a slow metabolism.
Your sharp claws are effective at attacking unaware monsters.


Message History

The soul eater barely misses you. The rust devil misses you.
You barely miss the kobold demonologist.
The kobold demonologist is moderately wounded.
The kobold demonologist hits you with a dagger.
The soul eater hits you.
You feel drained.
You closely miss the kobold demonologist.
The kobold demonologist is moderately wounded.
The rust devil completely misses you.
The kobold demonologist hits you with a dagger.
The kobold demonologist mumbles some strange words.
The soul eater misses you.
You claw the kobold demonologist!
The kobold demonologist is severely wounded.
The rust devil misses you.
The kobold demonologist completely misses you.
The kobold demonologist casts a spell.
You scratch the kobold demonologist but do no damage.
The kobold demonologist is severely wounded.
The soul eater hits you!
You die...

#####################
.').#.)'..#__#.3@4K.#
.#..'..#..'..'..#K5.#
###'#####+#__####555+
#..#...#.####§§#####
####..##.#§§§§c#
##'#..'§§§§§+
+..._#K§§.c#
#K.#+##'#### ##'#
#=($?#


You could see a soul eater, a rust devil, 2 kobold demonologists, an iron imp, 2
white imps and a shadow imp.

Vanquished Creatures
  A slime creature (D)
  Sigmund (D)
  A floating eye (D)
  An ogre (D)
  A jelly (D)
  Ijyb (D)
6 creatures vanquished.

Notes
Turn   | Place    | Note
-------+----------+-------------------------------------------
     0 | D        | equalderp2856 the Felid Fighter began the quest for the Orb.
     0 | D        | Reached XP level 1. HP: 10/10 MP: 2/2
     2 | D        | Noticed Ijyb
    15 | D        | Killed Ijyb
    15 | D        | Reached skill level 5 in Unarmed Combat
    15 | D        | Reached XP level 2. HP: 11/15 MP: 3/3
    95 | D        | Noticed an ogre
   101 | D        | Killed an ogre
   101 | D        | Reached skill level 5 in Stealth
   101 | D        | Reached skill level 7 in Unarmed Combat
   101 | D        | Reached XP level 3. HP: 18/18 MP: 4/4
   101 | D        | Reached XP level 4. HP: 22/22 MP: 5/5
   114 | D        | Noticed Sigmund
   117 | D        | Killed Sigmund
   117 | D        | Reached skill level 5 in Fighting
   117 | D        | Reached skill level 9 in Unarmed Combat
   117 | D        | Reached XP level 5. HP: 27/27 MP: 6/6
   117 | D        | Gained mutation: You are covered in thick fur. (AC +2) [Felid growth]
   117 | D        | Reached XP level 6. HP: 30/30 MP: 7/7
   131 | D        | Found a burning altar of Makhleb.
   131 | D        | Found a viscous altar of Jiyva.
   131 | D        | Found a shimmering altar of Xom.
   131 | D        | Found a corrupted altar of Lugonu.
   131 | D        | Noticed a slime creature
   134 | D        | Killed a slime creature
   134 | D        | Reached skill level 10 in Unarmed Combat
   141 | D        | Found a deep blue altar of Sif Muna.
   143 | D        | Found a radiant altar of Vehumet.
   150 | D        | Reached skill level 11 in Unarmed Combat
   181 | D        | Noticed Sonja
   186 | D        | Noticed a centaur warrior
   186 | D        | Noticed a centaur warrior
   192 | D        | Noticed a deep troll
   193 | D        | Mangled by a deep troll
   194 | D        | Reached XP level 5. HP: -7/28 MP: 6/6
   210 | D        | Noticed a kobold demonologist
   210 | D        | Noticed a floating eye
   211 | D        | Noticed a kobold demonologist
   212 | D        | Noticed a rust devil
   212 | D        | Paralysed by a floating eye for 4 turns
   217 | D        | Killed a floating eye
   217 | D        | Reached XP level 6. HP: 24/31 MP: 7/7
   219 | D        | Noticed a soul eater
   224 | D        | Slain by a soul eater

Skill      XL: |  1  2  3  4  5  6 |
---------------+-------------------+-----
Stealth        | 3 5 7 9 |  9.6
Unarmed Combat | 5 7 9 11 | 11.4
Fighting       | 4 5 6 |  6.6
Dodging        | 6 7 9 8 |  9.0

Action                   |  1- 3 |  4- 6 || total
-------------------------+-------+-------++-------
Melee: Unarmed           |    17 |    16 ||    33
       Bite              |     4 |     2 ||     6
 Stab: Sleeping          |       |     2 ||     2
Dodge: Dodged            |    13 |    13 ||    26
